 Dungeon Crawl Stone Soup version 0.31-a0-986-g5e6e4ef867 (webtiles) character file.

Game seed: 815804246007908131

970 Demosthentine the Poker (level 7, -2/49 HPs)
             Began as a Demonspawn Gladiator on Nov 10, 2023.
             Was a Follower of Hepliaklqana.
             Slain by an iguana (8 damage)
             ... on level 5 of the Dungeon.
             The game lasted 00:05:08 (3781 turns).

Demosthentine the Poker (Demonspawn Gladiator)      Turns: 3781, Time: 00:05:09

Health: -2/49      AC:  7    Str: 23    XL:     7   Next: 94%
Magic:  7/7        EV: 13    Int:  9    God:    Hepliaklqana [*.....]
Gold:   245        SH:  0    Dex: 14    Spells: 6/6 levels left

rFire   . . .        a - +1 trident (flame)
rCold   . . .        (no shield)
rNeg    . . .        b - +0 leather armour
rPois   .            c - +0 helmet
rElec   .            (no cloak)
rCorr   .            o - +0 pair of gloves
SInv    .            (no boots)
Will    .....        (no amulet)
Stlth   +            m - +6 ring of strength
HPRegen 0.28/turn    (no ring)
MPRegen 0.10/turn

%: no passive effects
@: no status effects
A: reduced essence, thin metallic scales 1, weakness stinger 2
a: Renounce Religion, Recall Ancestor, Ancestor Identity


You were on level 5 of the Dungeon.
You worshipped Hepliaklqana.
Hepliaklqana was aware of your devotion.
You visited 2 branches of the dungeon, and saw 8 of its levels.

You collected 245 gold pieces.

Inventory:

Hand Weapons
 a - a +1 trident of flaming (weapon)
 u - the +3 greatsling "Punk" {acid, rCorr}
   (You found it on level 4 of the Dungeon)

   rCorr:     It protects you from acid and corrosion.
Missiles
 d - 3 throwing nets (quivered)
 e - a javelin
Armour
 b - a +0 leather armour (worn)
 c - a +0 helmet (worn)
 o - a +0 pair of gloves (worn)
Jewellery
 m - a +6 ring of strength (left hand)
 p - a ring of flight
 r - a ring of fire
Wands
 g - a wand of roots (7)
 i - a wand of quicksilver (8)
 t - a wand of charming (5)
Scrolls
 f - 2 scrolls of teleportation
 n - 2 scrolls of fog
Potions
 h - a potion of magic
 j - 3 potions of haste
 k - a potion of enlightenment
 l - a potion of curing {unknown}


   Skills:
 + Level 4.9 Fighting
 + Level 4.9 Polearms
 - Level 1.7 Throwing
 + Level 3.9 Armour
 + Level 4.9 Dodging


You had 6 spell levels left.
You didn't know any spells.
Your spell library contained the following spells:

 Spells                   Type           Power      Damage    Failure   Level
 Blink                    Tloc           0%         N/A       56%         2
 Gell's Gravitas          Tloc           0%         N/A       80%         3
 Teleport Other           Tloc           0%         N/A       80%         3
 Manifold Assault         Tloc           0%         N/A       99%         4
 Dispersal                Tloc           0%         N/A       100%        6


Dungeon Overview and Level Annotations

Branches:
Dungeon (7/15)             Temple (1/1) D:6

Altars:
Ashenzari
Cheibriados
Dithmenos
Fedhas
Gozag
Hepliaklqana
Kikubaaqudgha
Makhleb
Okawaru
Qazlal
Ru
Trog
Wu Jian
Xom
Yredelemnul

Shops:
D:4 (

Annotations:
D:7 2 transporters, awesomeguy42's ghost, novice HuNe


Innate Abilities, Weirdness & Mutations

Your life essence is reduced to manifest your ancestor. (-10% HP)
You are partially covered in thin metallic scales. (AC +2)
You have a tail ending in a sharp stinger.


Message History

The gnoll bouda hits Ayize with a +1 whip of holy wrath.
The orc warrior hits you with a +0 dire flail!
The adder bites Ayize.
Ayize hits the adder!
The gnoll hits Ayize with a +0 flail.
Unknown command.
Ayize hits the adder!
The adder dies!
The gnoll hits Ayize with a +0 flail.
Ayize is destroyed!
Unknown command.
The iguana bites you but does no damage.
The gnoll bouda calls upon its god to heal the gnoll.
The gnoll is healed somewhat.
The orc warrior hits you with a +0 dire flail.
Unknown command.
The iguana attacks as it pursues you! The iguana closely misses you.
The black bear attacks as it pursues you!
The black bear bites you but does no damage.
The black bear claws you. The black bear completely misses you.
The orc warrior attacks as it pursues you!
The orc warrior hits you with a +0 dire flail!
* * * LOW HITPOINT WARNING * * *
Unknown command.
An orc warrior breaks down the door.
Unknown command.
The iguana attacks as it pursues you! The iguana completely misses you.
Unknown command.
The gnoll is no longer moving quickly.
Unknown command.
The gnoll misses you. The iguana attacks as it pursues you!
The iguana barely misses you.
The orc warrior sings a few bars from the Orcish anthem.
Unknown command.
The iguana attacks as it pursues you! The iguana closely misses you.
The gnoll attacks as it pursues you! The gnoll hits you with a +0 club.
* * * LOW HITPOINT WARNING * * *
Unknown command.
The gnoll is no longer moving quickly.
The iguana attacks as it pursues you! The iguana bites you!
You die...

##...#....#########...
##...#..............#
#....#.............#...... ...#
#....#............# ..... ...#
'....#............# ........#
#...(#...........## #.......#
#....###########.# .......#
##..[##...#......# ..#...#
##...##...#.....@## ##....#
.#...##..######.lg## ###.....#
.#...##<.##.....#.g####...†...#
.#................h.gg........#
.#.................o..'.......#
#######################.......#
#########


You could see an orc warrior, a black bear, a gnoll bouda, an iguana and 2
gnolls.

Vanquished Creatures
  A phantom (D:5)
  A gnoll sergeant (D:3)
  A scorpion (D:6)
  A howler monkey (D:5)
  A hound (D:4)
  An orc priest (D:5)
  2 sleepcaps
  An iguana (D:4)
  5 orc wizards
  5 gnolls (D:4)
  4 adders
  A worm (D:3)
  A dart slug (D:3)
  16 orcs
  9 ball pythons
  6 endoplasms
  4 giant cockroaches
  9 goblins
  6 hobgoblins
  2 jackals (D:2)
  3 quokkas
  9 bats
  A frilled lizard (D:1)
  6 kobolds
  6 rats
102 creatures vanquished.

Vanquished Creatures (collateral kills)
  Maggie (D:6)
  An adder (D:5)
  An orc (D:5)
  A quokka (D:5)
4 creatures vanquished.

Vanquished Creatures (others)
  An ancestor (D:5)
1 creature vanquished.

Grand Total: 107 creatures vanquished

Notes
Turn   | Place    | Note
-------+----------+-------------------------------------------
     0 | D:1      | Demosthentine the Demonspawn Gladiator began the quest for
                  | the Orb.
     0 | D:1      | Reached XP level 1. HP: 16/16 MP: 1/1
    86 | D:1      | Found a faded altar of an unknown god.
   155 | D:1      | Gained mutation: You are partially covered in thin metallic
                  | scales. (AC +2) [demonic ancestry]
   155 | D:1      | Reached XP level 2. HP: 17/22 MP: 2/2
   319 | D:1      | Reached skill level 1 in Armour
   593 | D:2      | Gained mutation: You have a small tail. [demonic ancestry]
   593 | D:2      | Reached XP level 3. HP: 28/28 MP: 3/3
  1073 | D:3      | Reached XP level 4. HP: 29/34 MP: 4/4
  1223 | D:3      | Found a hazy altar of Hepliaklqana.
  1278 | D:3      | Became a worshipper of Hepliaklqana the Forgotten
  1718 | D:4      | Gained mutation: You have a tail ending in a sharp stinger.
                  | [demonic ancestry]
  1718 | D:4      | Reached XP level 5. HP: 22/41 MP: 5/5
  1915 | D:4      | Found Weclit's Weapon Emporium.
  2169 | D:4      | Reached XP level 6. HP: 33/47 MP: 6/6
  2316 | D:4      | HP: 1/48 [gnoll sergeant/+0 spear (10)]
  2841 | D:4      | You fall into a shaft and drop 3 floors!
  2892 | D:7      | Reached * piety under Hepliaklqana
  2896 | D:7      | Found a transporter.
  2905 | D:7      | Found a bloodstained altar of Trog.
  2905 | D:7      | Noticed awesomeguy42's ghost (novice HuNe)
  2906 | D:7      | Noticed a two-headed ogre
  2913 | D:7      | Found a transporter.
  2921 | D:7      | Noticed a moth of wrath
  2963 | D:6      | Found an iron altar of Okawaru.
  2964 | D:6      | Found a sacrificial altar of Ru.
  2964 | D:6      | Found a shadowy altar of Dithmenos.
  2969 | D:6      | Found a staircase to the Ecumenical Temple.
  2979 | D:6      | Reached XP level 7. HP: 48/48 MP: 7/7
  2980 | Temple   | Entered the Ecumenical Temple
  3002 | D:5      | Entered Level 5 of the Dungeon
  3018 | D:6      | Noticed Maggie
  3028 | D:6      | Killed Maggie
  3385 | D:4      | Found the +3 greatsling "Punk" {acid, rCorr}
  3781 | D:5      | Slain by an iguana

Illustrated notes

Levels and vault maps discovered:
D:1:      elethiomel_arrival_maze, layout_rooms,
          ebering_ecumenical_altar_petrified
D:2:      layout_rooms, corexii_item_surrounded_by_moat
D:3:      layout_basic, mainiacjoe_overflow_catwalk
D:4:      layout_rooms, serial_shops, nicolae_shop_stone
D:5:      layout_gridville, minmay_manual_moon
D:6:      layout_loops_ring, chequers_temple_overflow_statue_of_worship,
          minmay_temple_entry_stoned_glass, minivault_1, minmay_ogre_servants,
          uniq_blork_the_orc, uniq_menkaure, uniq_maggie
D:7:      gammafunk_steamed_eel, layout_loops_ring,
          gammafunk_ghost_wrathful_warriors, minmay_strange_pillars
Temple:   compressed_dpeg_circular_temple

Skill      XL: |  1  2  3  4  5  6 |
---------------+-------------------+-----
Armour         | 1 2 3 |  3.9
Polearms       | 3 4 |  4.9
Dodging        | 3 4 |  4.9
Fighting       | 3 4 |  4.9
Throwing       | |  1.7

Action                     |  1- 3 |  4- 6 |  7- 9 || total
---------------------------+-------+-------+-------++-------
  Melee: Trident           |   141 |   140 |    36 ||   317
         Punch             |     1 |     2 |     2 ||     5
         Tailslap          |     8 |    13 |     5 ||    26
  Throw: Throwing net      |       |       |     1 ||     1
    Use: Scroll            |     5 |     3 |     2 ||    10
         Potion            |     1 |     1 |     1 ||     3
   Stab: Sleeping          |     1 |     1 |       ||     2
         Distracted        |       |     1 |       ||     1
 Armour: Leather armour    |    89 |    96 |    31 ||   216
  Dodge: Dodged            |    90 |    70 |    31 ||   191

Table legend: (Time is in decaauts)
 A = Elapsed time spent in this place.
 B = Non-inter-level travel time spent in this place.
 C = Inter-level travel time spent in this place.
 D = Time resting spent in this place.
 E = Time spent auto-exploring this place.
 F = Levels seen in this place.
 G = Mean time per level.
                   A        B        C        D        E       F      G
               +--------+--------+--------+--------+--------+-----+--------+
         Total |   3823 |   3748 |     75 |    317 |   2584 |   8 |  477.9 |
       Dungeon |   3821 |   3746 |     75 |    317 |   2584 |   7 |  545.9 |
        Temple |      1 |      1 |      0 |      0 |      0 |   1 |    1.0 |
               +--------+--------+--------+--------+--------+-----+--------+

Top non-repeatable levels by time:
     D:3: 1231 daAuts
     D:4: 945 daAuts
     D:1: 590 daAuts
     D:5: 434 daAuts
     D:2: 427 daAuts
     D:7: 109 daAuts
     D:6: 82 daAuts
  Temple: 1 daAuts
